Map: Bridgehead LE (Void)

Players

mumnum - Winner!

  • Race: Zerg Zerg
  • League: Platinum

Javert

  • Race: Zerg Zerg
  • League: Grandmaster

VOD

Have the link to the VOD?

Description

Time

  • Played on: Sept. 21, 2015, 6:52 p.m.
  • Length: 19:27
Show
View Real Time Build Order
Export as new Build Order

mumnum Zerg - Winner!

Build Orders: Pool First, Lurkers 

Get SALT Encoding   

  12  0:01  Drone  
  13  0:08  Drone  
  14  0:27  Spawning Pool  
  13  0:29  Drone  
  14  0:38  Extractor  
  14  0:39  Drone  
  14  0:43  Overlord  
  14  1:14  Queen  
  14  1:15  Zergling x2  
  14  1:16  Zergling x4  
  19  1:27  Zergling x2  
  20  1:38  Zergling x2  
  21  1:40  Metabolic Boost  
  21  1:48  Zergling x2  
  22  1:59  Overlord  
  22  2:07  Baneling Nest  
  21  2:31  Drone  
  21  2:32  Drone x5  
  27  2:45  Roach Warren  
  27  2:48  Drone  
  27  3:04  Spine Crawler  
  26  3:07  Queen  
  26  3:10  Overlord  
  27  3:41  Roach  
  27  3:42  Roach x4  
  36  3:56  Overlord  
  34  4:21  Roach x4  
  34  4:22  Roach x2  
  41  4:48  Drone x2  
  41  4:49  Drone  
  43  4:56  Hatchery  
  43  4:59  Drone  
  43  5:10  Overlord  
  43  5:17  Drone x3  
  46  5:41  Lair  
  46  5:46  Drone x5  
  46  5:47  Drone x2  
  51  6:07  Extractor  
  51  6:09  Queen  
  52  6:14  Drone x3  
  52  6:16  Drone  
  56  6:20  Drone x3  
  56  6:21  Evolution Chamber, Drone  
  59  6:37  Drone  
  59  6:38  Overlord  
  60  6:41  Glial Reconstitution  
  60  6:47  Overlord x2  
  60  6:48  Zerg Missile Weapons Level 1  
  60  6:51  Overlord  
  60  6:58  Drone  
  60  6:59  Drone x3  
  64  7:02  Overlord  
  64  7:15  Drone x6  
  70  7:31  Extractor x2  
  70  7:34  Roach x5  
  78  7:44  Roach  
  80  7:45  Overlord  
  80  7:58  Drone x2  
  81  7:59  Drone  
  83  8:14  Roach  
  83  8:15  Roach x7  
  99  8:26  Hatchery  
  98  8:28  Hydralisk Den  
  97  8:44  Lurker Den  
  97  8:45  Spawning Pool  
  96  8:57  Overlord  
  96  9:03  Zerg Missile Weapons Level 2  
  96  9:04  Hydralisk  
  96  9:05  Hydralisk  
  96  9:07  Overlord  
  96  9:08  Overlord x3  
  100  9:11  Overlord  
  100  9:34  Hydralisk x8  
  118  9:49  Overlord  
  118  9:50  Overlord x2  
  116  9:53  Drone  
  116  9:54  Drone x4  
  121  10:13  Lurker x6  
  127  10:14  Lurker  
  127  10:18  Drone, Extractor x2  
  127  10:19  Drone x6  
  133  10:23  Overlord  
  133  10:29  Muscular Augments  
  133  10:35  Drone x3  
  115  11:16  Hydralisk x4  
  115  11:17  Hydralisk x9  
  115  11:18  Hydralisk  
  141  11:20  Hydralisk x2  
  143  11:36  Zerg Ground Armor Level 1  
  143  11:40  Lurker x2  
  143  11:48  Hatchery  
  142  12:08  Overseer x2  
  142  12:14  Drone x2  
  144  12:16  Infestation Pit  
  143  12:27  Drone x10  
  153  12:59  Hive  
  153  13:02  Spire  
  152  13:06  Extractor, Queen  
  152  13:07  Extractor  
  152  13:30  Zerg Melee Weapons Level 1  
  152  14:14  Greater Spire  
  152  14:29  Corruptor x10  
  170  15:25  Brood Lord x3  
  170  15:28  Overlord x5  
  176  15:32  Overseer  
  176  15:33  Pneumatized Carapace  
  176  15:36  Overlord x3  
  176  15:58  Brood Lord x7  
  185  16:42  Roach x7  
  133  17:44  Roach x3  
  133  17:45  Roach x27  
  133  17:46  Roach x4  
  133  17:50  Lurker  
  200  18:06  Hatchery  
  199  18:15  Hatchery  
Show
View Real Time Build Order
Export as new Build Order

Javert Zerg 

Build Orders: Pool First, Lurkers 

Get SALT Encoding   

  12  0:01  Drone  
  13  0:14  Overlord  
  13  0:20  Drone  
  14  0:33  Drone x2  
  16  0:37  Drone  
  17  0:55  Spawning Pool  
  16  0:57  Drone  
  16  1:02  Drone  
  18  1:19  Extractor  
  18  1:22  Overlord  
  17  1:30  Hatchery  
  16  1:45  Roach Warren  
  15  1:50  Spine Crawler  
  14  1:55  Queen  
  16  2:43  Roach, Queen  
  20  2:51  Roach  
  20  2:52  Roach x2  
  20  2:57  Roach  
  28  3:09  Roach  
  30  3:24  Roach x2  
  30  3:37  Roach  
  30  3:39  Roach  
  30  3:43  Overlord  
  28  4:00  Drone x4  
  28  4:01  Drone  
  28  4:36  Roach x3  
  32  4:48  Hatchery  
  29  4:54  Drone x2  
  29  4:55  Drone x2  
  33  5:03  Overlord  
  33  5:07  Drone  
  34  5:24  Roach  
  36  5:39  Roach  
  36  5:40  Roach x2  
  42  5:45  Drone x2  
  44  6:03  Drone x2  
  44  6:04  Drone x4, Queen  
  52  6:18  Burrow  
  52  6:25  Overlord  
  52  6:31  Overlord  
  52  6:34  Extractor  
  52  6:35  Extractor  
  50  6:41  Drone x2  
  52  6:53  Drone x5  
  52  6:54  Drone x2  
  59  7:07  Hatchery  
  58  7:12  Lair  
  58  7:20  Drone x4  
  62  7:25  Evolution Chamber  
  61  7:34  Overlord x2  
  61  7:43  Extractor  
  60  7:44  Overlord x2  
  60  7:51  Zerg Missile Weapons Level 1  
  60  7:55  Drone x5  
  60  7:56  Drone  
  66  8:09  Glial Reconstitution  
  66  8:14  Hydralisk Den  
  66  8:15  Roach  
  66  8:16  Roach x3  
  73  8:21  Ravager x4  
  73  8:26  Drone x4  
  81  8:29  Overseer  
  81  8:40  Drone x2  
  81  8:41  Drone x5  
  88  8:46  Overlord  
  88  9:03  Roach  
  88  9:04  Roach x7  
  104  9:11  Lurker Den  
  104  9:13  Queen  
  104  9:15  Overseer  
  106  9:28  Roach  
  106  9:29  Roach x3  
  114  9:35  Overlord  
  114  9:44  Evolution Chamber  
  113  9:50  Overlord x4  
  113  9:55  Overlord x2  
  113  9:57  Extractor  
  113  9:58  Drone  
  113  9:59  Drone x7, Extractor  
  119  10:07  Hydralisk x2  
  119  10:08  Hydralisk x2  
  127  10:16  Ravager x4  
  127  10:17  Ravager x3  
  134  10:30  Zerg Missile Weapons Level 2  
  134  10:36  Drone x7  
  134  10:37  Drone x5  
  146  10:44  Overlord x2  
  146  10:48  Lurker x2  
  148  10:50  Hydralisk x2  
  148  10:51  Overlord x2  
  148  10:52  Drone x2, Hydralisk x2  
  148  10:53  Drone x2  
  148  10:56  Hydralisk x2  
  101  11:22  Lurker x2  
  101  11:25  Roach x12  
  127  11:26  Roach x2  
  131  11:47  Roach x4  
  131  11:48  Roach x4  
  147  12:03  Hydralisk  
  147  12:04  Hydralisk x5  
  159  12:13  Zerg Ground Armor Level 1  
  159  12:21  Extractor  
  159  12:22  Hatchery, Extractor  
  157  12:28  Overlord  
  156  12:33  Muscular Augments  
  156  12:41  Queen  
  158  12:49  Lurker x4  
  162  12:57  Drone x5  
  162  12:58  Drone x5  
  172  13:14  Lurker  
  172  13:15  Lurker  
  172  13:16  Hydralisk  
  172  13:17  Hydralisk x4  
  184  13:24  Overlord x4  
  184  13:25  Overlord  
  184  13:29  Infestation Pit  
  184  13:34  Overlord x2  
  183  14:07  Hydralisk  
  183  14:08  Hydralisk x7  
  199  14:13  Overlord x3  
  199  14:30  Overseer  
  199  14:31  Overseer x3  
  199  14:36  Pneumatized Carapace  
  196  15:00  Zerg Ground Armor Level 2  
  196  15:01  Zerg Melee Weapons Level 1  
  196  15:05  Lurker  
  196  15:06  Lurker x3  
  200  15:09  Overlord x2  
  200  15:17  Overlord x2  
  200  15:31  Hive  
  200  15:37  Overlord  
  200  15:42  Overseer x2  
  200  15:43  Extractor  
  200  15:46  Hatchery  
  200  15:49  Extractor  
  197  16:17  Unknown  
  189  16:24  Spire  
  105  17:33  Hydralisk  
  105  17:34  Hydralisk x17  
  105  17:35  Hydralisk x16  
  151  17:46  Corruptor x7  
  151  17:47  Corruptor x4  
  173  18:11  Roach x5  
  173  18:12  Roach x8  
  199  18:28  Baneling Nest, Spine Crawler  
  199  18:29  Spine Crawler  
  199  18:31  Spore Crawler  
  199  18:32  Spine Crawler x2  
  178  18:38  Hydralisk x5  
  124  18:54  Roach x2  
  124  18:55  Roach x17  
Tags
 
Add a new tag
Caveats
  • Supply blocks, unpowered buildings, or Contaminate may cause inaccurate times.
  • Supply counts are checked every 10 seconds.